 Dungeon Crawl Stone Soup version 0.29-a0-886-gfb1a3fa8b1 (webtiles) character file.

Game seed: 9689791619271245686

191 BritishOli the Slasher (level 5, -6/41 HPs)
             Began as a Demonspawn Gladiator on July 21, 2022.
             Was a Believer of Wu Jian.
             Mangled by a gnoll
             ... wielding a +0 halberd
              (11 damage)
             ... on level 4 of the Dungeon.
             The game lasted 00:01:51 (1722 turns).

BritishOli the Slasher (Demonspawn Gladiator)       Turns: 1722, Time: 00:01:52

Health: -6/41      AC:  6    Str: 16    XL:     5   Next: 41%
Magic:  5/5        EV: 13    Int:  9    God:    Wu Jian [**....]
Gold:   75         SH:  0    Dex: 15    Spells: 4/4 levels left

rFire   . . .      SeeInvis .   a - +0 long sword
rCold   . . .      Faith    .   (no shield)
rNeg    . . .      Spirit   .   b - +0 leather armour
rPois   .          Reflect  .   c - +0 helmet
rElec   .          Harm     .   (no cloak)
rCorr   .          Rampage  .   (no gloves)
Will    .....                   (no boots)
Stlth   +.........              g - amulet of the acrobat
HPRegen 0.13/turn               (no ring)
MPRegen 0.09/turn               (no ring)

@: no status effects
A: molten scales 1, spiny 1
a: Renounce Religion, Wall Jump


You were on level 4 of the Dungeon.
You worshipped Wu Jian.
Wu Jian was pleased with you.
You visited 1 branch of the dungeon, and saw 3 of its levels.

You collected 75 gold pieces.

Inventory:

Hand Weapons
 a - a +0 long sword (weapon)
Missiles
 d - 3 throwing nets (quivered)
 e - a javelin
Armour
 b - a +0 leather armour (worn)
 c - a +0 helmet (worn)
Jewellery
 g - an amulet of the acrobat (around neck)
Scrolls
 h - a scroll of magic mapping {unknown}
 i - 3 scrolls of butterflies {unknown}
 j - a scroll of immolation {unknown}
 k - 2 scrolls of identify {unknown}
 l - a scroll of teleportation {unknown}
 m - 2 scrolls of fear {unknown}
Potions
 f - a potion of attraction {unknown}
 n - a potion of degeneration {unknown}


   Skills:
 + Level 3.5 Fighting
 + Level 3.8 Long Blades
 - Level 2.1 Throwing
 + Level 3.8 Dodging


You had 4 spell levels left.
You didn't know any spells.
Your spell library was empty.

Dungeon Overview and Level Annotations

Branches:
Dungeon (4/15)
 Temple: D:4-7

Altars:
Cheibriados
Wu Jian


Innate Abilities, Weirdness & Mutations

You are partially covered in molten scales. (AC +2)
You are partially covered in sharp spines.


Message History

The hound barely misses you.
The gnoll hits you from afar with a +0 halberd!
The orc is struck by your spines.
You kill the orc!
The Council accepts your kill. The hound is struck by your spines.
The hound completely misses you. The gnoll barely misses you.
You slash the hound!
You kill the hound!
The Council accepts your kill. The gnoll closely misses you.
The orc hits you but does no damage.
The gnoll closely misses you. x2; The orc barely misses you.
You hit the gnoll.
The gnoll is lightly wounded.
The gnoll hits you from afar with a +0 halberd!
The gnoll hits you from afar with a +0 halberd.
The orc is struck by your spines. The orc hits you with a +0 club.
* * * LOW HITPOINT WARNING * * *
The gnoll hits you with a +0 halberd.
* * * LOW HITPOINT WARNING * * *
You are too injured to fight recklessly!
You are too injured to fight recklessly!
Unknown command.
Unknown command.
Unknown command.
Unknown command.
Unknown command.
You are too injured to fight recklessly!
Unknown command.
The orc attacks as you move away! The orc misses you.
The gnoll completely misses you.
You hit the orc.
You kill the orc!
The Council accepts your kill. The gnoll misses you.
You lunge at the gnoll.
You barely miss the gnoll.
The gnoll is lightly wounded.
The gnoll closely misses you. The gnoll is struck by your spines.
The gnoll hits you with a +0 halberd!
You die...

#...≈≈≈≈..#
#.........#
#...≈≈≈≈..#
#..P..P.P.#
##..........
.......g. .####
......gg# #...#
#@####...#
#.#...##...#
#.###......#
.............#
###.##.......#
#.##......##
#.##....###
#####
########.##....#
.....
.......†.##....#


You could see 3 gnolls.

Vanquished Creatures
  2 hounds (D:4)
  An iguana (D:4)
  2 adders
  An ufetubus (D:4)
  5 dart slugs
  8 orcs (D:4)
  5 bats (D:1)
  2 endoplasms (D:2)
  A giant cockroach (D:1)
  4 hobgoblins
  4 jackals (D:2)
  6 kobolds
  A quokka (D:1)
  7 ball pythons
  4 frilled lizards
  7 goblins
  6 rats
66 creatures vanquished.

Vanquished Creatures (others)
  6 fungi (D:4)
  4 plants (D:2)
10 creatures vanquished.

Grand Total: 76 creatures vanquished

Notes
Turn   | Place    | Note
-------+----------+-------------------------------------------
     0 | D:1      | BritishOli the Demonspawn Gladiator began the quest for the
                  | Orb.
     0 | D:1      | Reached XP level 1. HP: 16/16 MP: 1/1
   284 | D:1      | Gained mutation: You are partially covered in sharp spines.
                  | [demonic ancestry]
   284 | D:1      | Reached XP level 2. HP: 22/22 MP: 2/2
   557 | D:1      | Found a faded altar of an unknown god.
   573 | D:1      | Prayed at the altar of an unknown god.
   573 | D:1      | Became a worshipper of the Wu Jian Council
   573 | D:1      | Reached * piety under Wu Jian
   994 | D:2      | Gained mutation: You are partially covered in molten
                  | scales. (AC +2) [demonic ancestry]
   994 | D:2      | Reached XP level 3. HP: 28/28 MP: 3/3
  1100 | D:2      | Reached ** piety under Wu Jian
  1335 | D:2      | You fall into a shaft and drop 2 floors!
  1394 | D:4      | Found a snail-covered altar of Cheibriados.
  1456 | D:4      | Reached XP level 4. HP: 34/34 MP: 4/4
  1683 | D:4      | Reached XP level 5. HP: 40/41 MP: 5/5
  1722 | D:4      | Mangled by a gnoll

Illustrated notes

Levels and vault maps discovered:
D:1:      amcnicky_arrival_underground_garden, layout_loops_cross,
          shapermc_ecumenical_altar_mp_vishouse, hangedman_feature_mirror,
          minmay_pentomino_v2
D:2:      wad_lake_hut, layout_basic, serial_forest, infiniplex_forest_lined_3,
          infiniplex_forest_diagonal, infiniplex_forest_straight_4,
          infiniplex_forest_diagonal, infiniplex_forest_clump_small,
          infiniplex_forest_end_1, uniq_crazy_yiuf_cottage
D:4:      layout_rooms, cheibriados_altar_1, dreamdust_gnoll_farm

Skill      XL: |  1  2  3  4 |
---------------+-------------+-----
Throwing       | 2 |  2.1
Dodging        | 3 |  3.8
Long Blades    | 3 |  3.8
Fighting       | 3 |  3.5

Action                   |  1- 3 |  4- 6 || total
-------------------------+-------+-------++-------
Melee: Long sword        |    78 |    43 ||   121
       Punch             |       |     1 ||     1
Invok: Lunge             |    11 |     1 ||    12
 Stab: Sleeping          |     3 |       ||     3
Armor: Leather armour    |    32 |    12 ||    44
Dodge: Dodged            |    49 |    48 ||    97

Table legend: (Time is in decaauts)
 A = Elapsed time spent in this place.
 B = Non-inter-level travel time spent in this place.
 C = Inter-level travel time spent in this place.
 D = Time resting spent in this place.
 E = Time spent auto-exploring this place.
 F = Levels seen in this place.
 G = Mean time per level.
                   A        B        C        D        E       F      G
               +--------+--------+--------+--------+--------+-----+--------+
         Total |   1748 |   1678 |     70 |      0 |   1366 |   3 |  582.7 |
       Dungeon |   1748 |   1678 |     70 |      0 |   1366 |   3 |  582.7 |
               +--------+--------+--------+--------+--------+-----+--------+

Top non-repeatable levels by time:
     D:1: 1001 daAuts
     D:4: 398 daAuts
     D:2: 349 daAuts
